 Dungeon Crawl Stone Soup version 0.28.0-53-g5a82cb258f (webtiles) character file.

Game seed: 10427467425597244170

147 LynnLen the Sneak (level 5, -2/29 HPs)
             Began as a Vampire Enchanter on July 23, 2022.
             Slain by a phantom (7 damage)
             ... on level 4 of the Dungeon.
             The game lasted 00:06:37 (3894 turns).

LynnLen the Sneak (Vampire Enchanter)               Turns: 3894, Time: 00:06:37

Health: -2/29      AC:  5    Str:  7    XL:     5   Next: 7%
Magic:  8/8        EV: 12    Int: 17    God:
Gold:   93         SH:  0    Dex: 17    Spells: 2/8 levels left

rFire   . . .      SeeInvis +   a - +1 dagger
rCold   + + .      Faith    .   (no shield)
rNeg    + + +      Spirit   .   e - +1 leather armour
rPois   ∞          Reflect  .   (no helmet)
rElec   .          Harm     .   (no cloak)
rCorr   .          Rampage  .   c - +0 pair of gloves
Will    .....                   (no boots)
Stlth   +++++.....              (no amulet)
HPRegen 0.00/turn               (no ring)
MPRegen 0.11/turn               (no ring)

@: bloodless, inhibited regen
A: bloodless, fangs 3, see invisible, vampiric 2
a: Bat Form, Revivify


You were on level 4 of the Dungeon.
You visited 1 branch of the dungeon, and saw 4 of its levels.

You collected 93 gold pieces.

Inventory:

Hand Weapons
 a - a +1 dagger (weapon)
Missiles
 f - 3 poisoned darts (quivered)
Armour
 b - a +0 robe
 c - a +0 pair of gloves (worn)
 e - a +1 leather armour (worn)
Jewellery
 h - a ring of poison resistance
Scrolls
 i - a scroll of teleportation {unknown}
 l - a scroll of fear
 m - a scroll of noise {unknown}
 o - a scroll of brand weapon {unknown}
Potions
 d - 2 potions of haste
 g - a potion of curing
 j - a potion of resistance
 k - a potion of magic
 n - a potion of heal wounds {unknown}


   Skills:
 * Level 1.0 Fighting
 * Level 3.5 Short Blades
 + Level 2.4 Dodging
 + Level 6.6 Stealth
 + Level 2.1 Spellcasting
 + Level 4.5 Hexes


You had 2 spell levels left.
You knew the following spells:

 Your Spells              Type           Power      Damage    Failure   Level
a - Confusing Touch       Hex            17%        N/A       13%         3
b - Dazzling Flash        Conj/Hex       18%        N/A       34%         3

Your spell library contained the following spells:

 Spells                   Type           Power      Damage    Failure   Level
 Ensorcelled Hibernation  Hex/Ice        18%        N/A       17%         2
 Animate Skeleton         Necr           2%         N/A       28%         1
 Pain                     Necr           4%         1d4       28%         1
 Tukima's Dance           Hex            17%        N/A       13%         3
 Vampiric Draining        Necr           1%         2d6       65%         3
 Fireball                 Conj/Fire      0%         3d3       100%        5
 Starburst                Conj/Fire      0%         6d3       100%        6
 Ignition                 Fire           0%         3d3       100%        8


Dungeon Overview and Level Annotations

Branches:
Dungeon (4/15)
 Temple: D:4-7

Altars:


Innate Abilities, Weirdness & Mutations

You do not regenerate when monsters are visible.
You are frail without blood (-20% HP).
You can heal yourself when you bite living creatures.
You are immune to poison.
You have razor-sharp teeth.
You have supernaturally acute eyesight. (SInv)
You are afflicted with vampirism and can become a bat while bloodless.


Message History

The phantom barely misses you.
You closely miss the phantom.
The phantom is moderately damaged.
The phantom closely misses you.
You barely miss the phantom. You punch the phantom.
The phantom is moderately damaged.
You hit the phantom but do no damage. You bite the phantom, but do no damage.
The phantom is moderately damaged.
The phantom closely misses you.
You hit the phantom.
The phantom is moderately damaged.
The phantom barely misses you.
You barely miss the phantom.
The phantom is moderately damaged.
The phantom hits you.
* * * LOW HITPOINT WARNING * * *
The phantom blinks!
You blink.
You hit the phantom but do no damage.
The phantom is moderately damaged.
The phantom completely misses you.
You hit the phantom but do no damage.
The phantom is moderately damaged.
The phantom hits you but does no damage.
You hit the phantom but do no damage. You bite the phantom, but do no damage.
The phantom is moderately damaged.
You hit the phantom but do no damage.
The phantom is moderately damaged.
The phantom barely misses you.
You hit the phantom. You bite the phantom.
The phantom is heavily damaged.
The phantom closely misses you.
You hit the phantom.
You punch the phantom, but do no damage.
You bite the phantom.
The phantom is heavily damaged.
The phantom hits you but does no damage.
You hit the phantom.
The phantom is severely damaged.
The phantom hits you!
You die...

#...# ...#
#######
#..##
#......
#...#
#.#####
#...#
#.#<#
#...##
#.#.#
#...###
#.#.#
#....@###
#.#.###
##....W.##
#.#....
###.....#
#.#####
###...##
#......
##...#
#######
#### #...#
#..#
#...##
#.##
##...# #.#
#...#


You could see a phantom.

Vanquished Creatures
  A hound (D:3)
  5 gnolls
  An adder (D:3)
  A worm (D:2)
  2 dart slugs (D:2)
  An orc (D:3)
  An endoplasm (D:3)
  5 goblins
  5 hobgoblins
  4 jackals (D:3)
  7 kobolds
  A quokka (D:1)
  4 ball pythons
  6 bats
  5 frilled lizards (D:1)
  4 rats
53 creatures vanquished.

Vanquished Creatures (others)
  2 plants (D:1)
2 creatures vanquished.

Grand Total: 55 creatures vanquished

Notes
Turn   | Place    | Note
-------+----------+-------------------------------------------
     0 | D:1      | LynnLen the Vampire Enchanter began the quest for the Orb.
     0 | D:1      | Reached XP level 1. HP: 13/13 MP: 3/3
   663 | D:1      | Reached XP level 2. HP: 15/15 MP: 5/5
  1083 | D:1      | Reached skill level 5 in Stealth
  1772 | D:2      | Gained mutation: You are afflicted with vampirism and can
                  | become a bat while bloodless. [Vampire growth]
  1772 | D:2      | Reached XP level 3. HP: 11/19 MP: 6/6
  1959 | D:2      | Learned a level 3 spell: Confusing Touch
  1963 | D:2      | Learned a level 3 spell: Dazzling Flash
  2274 | D:2      | Reached skill level 6 in Stealth
  2274 | D:2      | Reached XP level 4. HP: 24/24 MP: 7/7
  2865 | D:3      | Reached skill level 1 in Fighting
  3159 | D:3      | Found a faded altar of an unknown god.
  3159 | D:3      | Noticed an Ice Fiend
  3582 | D:3      | Reached XP level 5. HP: 14/29 MP: 8/8
  3866 | D:4      | Noticed a phantom
  3894 | D:4      | Slain by a phantom

Illustrated notes

Levels and vault maps discovered:
D:1:      dpeg_arrival_line_fractal, layout_basic, grunt_decor_one_mirror,
          minmay_statues_item, minmay_lizard_king
D:2:      layout_loops_ring
D:3:      layout_basic, dreamdust_ecumenical_altar_sealed_demon
D:4:      layout_basic, serial_curves, eino_curves_02, eino_curves_04,
          serial_shops, nicolae_shop_hallway_plus, shop_fountains,
          serial_park_tiny_1, minmay_fire_ice_demons

Skill      XL: |  1  2  3  4 |
---------------+-------------+-----
Stealth        | 5 6 |  6.6
Short Blades   | 2 3 |  3.5
Fighting       | 1 |  1.0
Dodging        | |  2.4
Spellcasting   | |  2.1
Hexes          | |  4.5

Action                   |  1- 3 |  4- 6 || total
-------------------------+-------+-------++-------
Melee: Dagger            |    69 |    83 ||   152
       Bite              |     5 |    13 ||    18
       Punch             |     3 |     4 ||     7
 Abil: Exsanguinate      |     1 |       ||     1
  Use: Scroll            |     3 |     4 ||     7
       Potion            |     1 |       ||     1
 Stab: Sleeping          |    22 |     9 ||    31
Armor: Leather armour    |    19 |    19 ||    38
Dodge: Dodged            |    20 |    44 ||    64
